 Dungeon Crawl Stone Soup version 0.27.1-33-g824d729ab1 (console) character file.

Game seed: 972517910280886522

4966 Banquo the Thaumaturge (level 10, -4/73 HPs)
             Began as a Djinni Chaos Knight on Dec 27, 2021.
             Was a Priest of Ashenzari.
             Splashed by an acid dragon's acid (13 damage)
             ... on level 9 of the Dungeon.
             The game lasted 01:00:08 (15069 turns).

Banquo the Thaumaturge (Djinni Chaos Knight)       Turns: 15069, Time: 01:00:09

Health: -4/73      AC:  4    Str:  9    XL:     10   Next: 82%
Gold:   75         EV: 19    Int: 22    God:    Ashenzari [***...] SH:  8 Dex: 12

rFire    + + .     SeeInvis +   a - staff of conjuration
rCold    . . .     Faith    .   i - +3 warlock's mirror {reflect, Cun, Self} (curse)
rNeg     . . .     Spirit   .   r - +0 robe of the Fated Soothsayer {rC+ Int+6, Self, Fort} (curse)
rPois    ∞         Reflect  +   (no helmet)
rElec    +         Harm     .   e - +0 cloak
rCorr    .         Rampage  .   s - +0 pair of gloves of the Eye in the Sky {Melee, Cun} (curse)
Will     +....     Clarity  +   (boots unavailable)
Stlth    +.........             (no amulet)
HPRegen  0.22/turn              V - ring "Mantic Vexation" {EV+4, Melee, Fort} (curse)
MPRegen  0.00/turn              t - ring "Tethered Incredulity" {Wiz, Self, Fort} (curse)

@: flying
A: sickness immunity, fire resistance 2, cold vulnerability 1, float, innate
caster, hp casting, extra vitality 1, clumsy 1, frail 1, electricity resistance,
weak 1, sturdy frame 1
a: Renounce Religion, Shatter the Chains


You were on level 9 of the Dungeon.
You worshipped Ashenzari.
Ashenzari was most pleased with you.
You visited 1 branch of the dungeon, and saw 9 of its levels.

You collected 555 gold pieces.
You spent 480 gold pieces at shops.

Inventory:

Hand Weapons
 b - a +5 morningstar
 c - a +0 war axe
 k - a +0 antimagic dagger
 q - a +1 dagger of electrocution
 w - a +0 scimitar of freezing
 F - a +0 antimagic whip
 G - a +0 mace of holy wrath
 J - a +2 dagger of venom
 O - a +2 spear
Missiles
 o - a throwing net (quivered)
 y - 9 boomerangs
 X - 41 poisoned darts
Armour
 e - a +0 cloak (worn)
 i - the cursed +3 warlock's mirror (worn) {reflect, Cun, Self}
   (You bought it in a shop on level 9 of the Dungeon)

   It can block and reflect piercing ranged attacks and magical attacks against
   the wielder's willpower.
   It has a curse which improves the following skills: Cunning: Dodging and
   Stealth.
   Introspection: Fighting and Spellcasting.
 r - the cursed +0 robe of the Fated Soothsayer (worn) {rC+ Int+6, Self, Fort}
   (You found it on level 4 of the Dungeon)

   Int:       It affects your intelligence (+6).
   rC:        It protects you from cold.
   It has a curse which improves the following skills: Introspection: Fighting
   and Spellcasting.
   Fortitude: Armour and Shields.
 s - the cursed +0 pair of gloves of the Eye in the Sky (worn) {Melee, Cun}
   (You found it on level 4 of the Dungeon)

   It has a curse which improves the following skills: Melee Combat: Short
   Blades, Long Blades, Axes, Maces & Flails, Polearms, Staves and Unarmed
   Combat.
   Cunning:   Dodging and Stealth.
Magical Staves
 a - a staff of conjuration (weapon)
Jewellery
 j - a ring of positive energy
 t - the cursed ring "Tethered Incredulity" (right hand) {Wiz, Self, Fort}
   (You found it on level 4 of the Dungeon)

   [ring of wizardry]

   It improves your spell success rate.
   It has a curse which improves the following skills: Introspection: Fighting
   and Spellcasting.
   Fortitude: Armour and Shields.
 Q - a ring of protection from fire
 T - a +6 ring of strength
 V - the cursed ring "Mantic Vexation" (left hand) {EV+4, Melee, Fort}
   (You found it on level 3 of the Dungeon)

   [ring of evasion]

   EV:        It affects your evasion (+4).
   It has a curse which improves the following skills: Melee Combat: Short
   Blades, Long Blades, Axes, Maces & Flails, Polearms, Staves and Unarmed
   Combat.
   Fortitude: Armour and Shields.
Wands
 g - a wand of digging (3)
 l - a wand of flame (39)
 M - a wand of iceblast (9)
Scrolls
 h - a scroll of fog
 m - a scroll of enchant weapon
 n - 3 scrolls of fear
 p - 5 scrolls of teleportation
 N - a scroll of holy word
Potions
 d - 2 potions of resistance
 f - a potion of heal wounds
 x - 3 potions of brilliance
 z - 3 potions of curing
 L - a potion of haste
 U - a potion of might


   Skills:
 * Level 7.2(11.0) Fighting
 - Level 4.2(7.0) Axes
 - Level 1.8(4.5) Armour
 * Level 6.5(9.5) Dodging
 - Level 1.9(4.7) Shields
 - Level 8.8(12.5) Spellcasting


You had 25 spell levels left.
You knew the following spells:

 Your Spells              Type           Power      Damage    Failure   Level
a - Shock                 Conj/Air       100%       1d9       1%          1
b - Corpse Rot            Necr/Air       N/A        N/A       1%          2
c - Mephitic Cloud        Conj/Pois/Air  80%        N/A       1%          3
d - Inner Flame           Hex/Fire       62%        N/A       1%          3
Your spell library was empty.

Dungeon Overview and Level Annotations

Branches:
Dungeon (9/15)             Temple (0/1) D:5            Lair (0/6) D:9
    Orc: D:9-12

Altars:
Ashenzari
Dithmenos
Elyvilon
Fedhas
Gozag
Kikubaaqudgha
Ru
Sif Muna
Uskayaw
Vehumet
Wu Jian
Xom
Beogh

Shops:
D:7 *   D:8 :   D:9 [

Annotations:
D:3 3 runed translucent doors, Jepp2078's ghost, amateur MiBe


Innate Abilities, Weirdness & Mutations

You are immune to sickness and miasma.
You are immune to poison.
Your flesh is very heat resistant. (rF++)
You are vulnerable to cold. (rC-)
You float through the air rather than walking.
You learn spells naturally, not from books.
Your magical power is your life essence.
You have superior vitality. (+4 HP)
You are clumsy. (Dex -2)
You are frail. (-10% HP)
You are resistant to electric shocks. (rElec)
You are weak. (Str -2)
Your movements are slightly less encumbered by armour. (ER -2)


Message History

You feel a surge of power!
The zap hits the howler monkey.
The howler monkey is severely wounded.
The howler monkey hoots and howls with incredible vigour!
You hear a shout! x4
Casting: Shock (safe; 1% risk of failure)
Confirm with . or Enter, or press ? or * to list all spells.
Aiming: Shock (safe; 1% risk of failure)
Press: ? - help, Shift-Dir - straight line, f/p - howler monkey
Aim: a howler monkey (severely wounded, 71% to hit)
You feel a surge of power!
The zap hits the howler monkey.
You kill the howler monkey!
Unknown command.
You see here 29 stones.
There is an open door here.
You start resting.
You sense a monster nearby.
There is an open door here.
The acid dragon roars!
An orc warrior comes into view. It is wielding a +0 glaive.
The orc warrior shouts!
You reach down and close the door.
Something unseen opens the door.
There is an open door here.
The acid dragon spits acid at you. The splash of acid hits you!
You are splashed with acid!
Casting: Shock (safe; 1% risk of failure)
Confirm with . or Enter, or press ? or * to list all spells.
You can't see any susceptible monsters within range! (Use Z to cast anyway.)
There is an open door here.
The acid dragon spits acid at you. The splash of acid hits you!!
You are splashed with acid!
* * * LOW HITPOINT WARNING * * *
You reach down and close the door.
There is an open door here.
The acid dragon spits acid at you. The splash of acid hits you!
* * * LOW HITPOINT WARNING * * *
You are splashed with acid!
You die...
Xom guffaws!

** #..# ####...# *
#D## ######'# + ###'##
#....... * #....#
#....... , #....#
#....... #....#
#....... , , ,, #....#
#####.......
+....#####...'.......
*
*#...@##....###.......
, #....#..####
#....... #....'.##
######## #....###
######


You could see an acid dragon (catching breath).

Vanquished Creatures
  Joseph (D:9)
  A kobold demonologist (D:9)
  8 yaks
  A wyvern (D:7)
  3 water moccasins
  A sky beast (D:7)
  A hornet zombie (D:6)
  2 orc warriors
  A black bear (D:7)
  3 ogres
  A necrophage (D:5)
  2 centaurs
  A kobold brigand (D:8)
  A water moccasin zombie (D:6)
  5 killer bees
  7 wights (D:7)
  4 howler monkeys
  2 centaur zombies (D:5)
  6 jellies
  7 orc priests
  2 hounds (D:4)
  A bullfrog skeleton (D:7)
  4 centaur skeletons
  2 iguanas (D:5)
  Ijyb (D:4)
  8 orc wizards
  A howler monkey zombie (D:7)
  A howler monkey skeleton (D:6)
  7 adders
  2 white imps
  2 ufetubi
  An adder skeleton (D:4)
  2 worms (D:4)
  2 dart slugs (D:5)
  21 orcs
  8 endoplasms
  A giant cockroach (D:1)
  6 goblins
  7 hobgoblins
  6 jackals
  9 kobolds
  6 quokkas
  11 ball pythons
  3 bats
  2 frilled lizards
  A quokka skeleton (D:4)
  4 rats
179 creatures vanquished.

Vanquished Creatures (others)
  A necrophage (D:7)
1 creature vanquished.

Grand Total: 180 creatures vanquished

Notes
Turn   | Place    | Note
-------+----------+-------------------------------------------
     0 | D:1      | Banquo the Djinni Chaos Knight began the quest for the Orb.
     0 | D:1      | Reached XP level 1. HP: 20/20 MP: 0/0
    32 | D:1      | XOM: smoke on damage
    92 | D:1      | XOM is BORED!
    92 | D:1      | XOM: silly message
   229 | D:1      | Reached XP level 2. HP: 25/25 MP: 0/0
   564 | D:1      | XOM: silly message
   669 | D:1      | XOM: scenery: create altars
   685 | D:1      | Reached XP level 3. HP: 28/30 MP: 0/0
   685 | D:1      | Learned a level 1 spell: Shock
   760 | D:1      | XOM is BORED!
  1061 | D:1      | Found a shimmering altar of Xom.
  1087 | D:1      | XOM: summons 2 hostile demons
  1449 | D:2      | XOM: god gift: scroll labelled YKHLOI TILAEKHLU {god gift}
  1835 | D:1      | XOM: noise
  2091 | D:1      | XOM is BORED!
  2091 | D:1      | XOM: give mutation
  2091 | D:1      | Gained mutation: You are weak. (Str -2) [Xom's mischief]
  2348 | D:2      | XOM: silly message
  2423 | D:2      | XOM: give mutations
  2423 | D:2      | Gained mutation: Your mind is acute. (Int +2) [Xom's grace]
  2423 | D:2      | Gained mutation: You are resistant to electric shocks.
                  | (rElec) [Xom's grace]
  2423 | D:2      | Gained mutation: Your movements are slightly less
                  | encumbered by armour. (ER -2) [Xom's grace]
  2423 | D:2      | Gained mutation: You are partially covered in iridescent
                  | scales. (AC +2) [Xom's grace]
  2486 | D:2      | XOM: scenery: create altars
  2527 | D:2      | XOM: cloud trail
  2957 | D:3      | Found a shadowy altar of Dithmenos.
  2998 | D:3      | Reached XP level 4. HP: 28/35 MP: 0/0
  3086 | D:3      | Found a runed translucent gate.
  3086 | D:3      | Found a runed translucent gate.
  3086 | D:3      | Found a runed translucent gate.
  3090 | D:3      | Noticed Jepp2078's ghost (amateur MiBe)
  3091 | D:3      | Identified the +4 ring mail of the Salmon {Int+2 SInv}
  3112 | D:3      | Found a faded altar of an unknown god.
  3154 | D:3      | Found a sacrificial altar of Ru.
  3201 | D:3      | Found a broken altar of Ashenzari.
  3210 | D:3      | Reached skill level 1 in Spellcasting
  3218 | D:3      | Reached XP level 5. HP: 40/40 MP: 0/0
  3218 | D:3      | Learned a level 2 spell: Corpse Rot
  3719 | D:3      | XOM is BORED!
  3719 | D:3      | XOM: summons 1 hostile shadow creature
  4080 | D:3      | XOM: scenery: 3 doors open
  4110 | D:3      | XOM: smoke on damage
  4114 | D:3      | XOM: give mutations
  4114 | D:3      | Gained mutation: Your spells are a little harder to cast,
                  | but a little more powerful. [Xom's grace]
  4114 | D:3      | Gained mutation: Your spells are harder to cast, but more
                  | powerful. [Xom's grace]
  4124 | D:4      | Reached skill level 2 in Spellcasting
  4270 | D:3      | Fell from the grace of Xom
  4270 | D:3      | Became a worshipper of Ashenzari the Shackled
  4297 | D:4      | Noticed an orc warrior
  4305 | D:4      | Noticed a water moccasin
  4322 | D:4      | Reached XP level 6. HP: 22/46 MP: 0/0
  4485 | D:4      | Identified the +0 robe of the Other World {rC+ Int+6}
  4750 | D:4      | XOM: noise
  4849 | D:4      | Noticed Ijyb
  4856 | D:4      | Killed Ijyb
  4857 | D:4      | Reached skill level 3 in Spellcasting
  5078 | D:4      | XOM: enchant monster (bad)
  5100 | D:4      | Killed an orc warrior
  5101 | D:4      | Reached XP level 7. HP: 36/51 MP: 0/0
  5101 | D:4      | Learned a level 3 spell: Mephitic Cloud
  5250 | D:4      | Killed a water moccasin
  5471 | D:4      | Reached skill level 4 in Spellcasting
  5771 | D:4      | Found an opulent altar of Gozag.
  5866 | D:5      | Entered Level 5 of the Dungeon
  6234 | D:5      | Reached XP level 8. HP: 52/58 MP: 0/0
  6302 | D:5      | Found a staircase to the Ecumenical Temple.
  6411 | D:5      | Reached skill level 5 in Spellcasting
  6751 | D:5      | Found a white marble altar of Elyvilon.
  6792 | D:5      | XOM: chaos cloud
  6870 | D:5      | Reached * piety under Ashenzari
  6898 | D:5      | XOM: summons 6 hostile demons
  7202 | D:6      | XOM: blink monster(s)
  7393 | D:6      | Reached skill level 6 in Spellcasting
  7475 | D:6      | Identified the +2 ring mail "Qoniprisk" {Contam Rampage rF+
                  | Int+4}
  7539 | D:5      | Reached XP level 9. HP: 59/66 MP: 0/0
  7539 | D:5      | Learned a level 3 spell: Inner Flame
  7541 | D:5      | Reached ** piety under Ashenzari
  7559 | D:5      | XOM: give mutations
  7559 | D:5      | Gained mutation: You are robust. (+10% HP) [Xom's mischief]
  7559 | D:5      | Lost mutation: You are robust. (+10% HP) [Xom's mischief]
  7603 | D:5      | XOM: summons 4 hostile shadow creatures
  7719 | D:5      | XOM: summons 1 hostile shadow creature
  8117 | D:5      | Reached skill level 5 in Fighting
  8135 | D:5      | Found a shimmering altar of Xom.
  8137 | D:5      | Found a blossoming altar of Fedhas.
  8367 | D:5      | XOM: torment (35/67 hp)
  8536 | D:5      | XOM: noise
  8594 | D:5      | XOM: give mutations
  8594 | D:5      | Gained mutation: You are clumsy. (Dex -2) [Xom's mischief]
  8594 | D:5      | Lost mutation: Your spells are harder to cast, but more
                  | powerful. [Xom's mischief]
  8594 | D:5      | Lost mutation: Your mind is acute. (Int +2) [Xom's
                  | mischief]
  9441 | D:3      | XOM: stat loss: -1 Int (21/22)
  9703 | D:7      | Found Zeiprut's Elemental Accessories.
  9903 | D:7      | Identified the +8 plate armour of Weirdness {+Blink Int+5}
  9934 | D:7      | XOM: 1-stop teleportation journey
 10242 | D:7      | XOM: confusion (+ monsters)
 10253 | D:7      | XOM: divine lightning
 10315 | D:7      | Found a hide-covered altar of Uskayaw.
 10390 | D:7      | Reached skill level 7 in Spellcasting
 10430 | D:7      | XOM: give mutation
 10430 | D:7      | Lost mutation: You are partially covered in iridescent
                  | scales. (AC +2) [Xom's mischief]
 10685 | D:7      | XOM: give mutations
 10685 | D:7      | Gained mutation: You are frail. (-10% HP) [Xom's mischief]
 10685 | D:7      | Lost mutation: Your spells are a little harder to cast, but
                  | a little more powerful. [Xom's mischief]
 10952 | D:7      | XOM: summons 3 hostile shadow creatures
 10952 | D:7      | Was forgiven by Xom
 11536 | D:7      | Found an ornate altar of the Wu Jian Council.
 11808 | D:8      | Reached skill level 8 in Spellcasting
 11808 | D:8      | Reached XP level 10. HP: 55/67 MP: 0/0
 11883 | D:8      | Found Qiukuj's Book Emporium.
 12125 | D:8      | Reached *** piety under Ashenzari
 12913 | D:8      | Reached skill level 5 in Dodging
 13242 | D:8      | Found Qiukuj's Book Emporium.
 14220 | D:9      | Noticed a kobold demonologist
 14220 | D:9      | Noticed a two-headed ogre
 14287 | D:9      | Found Uplusi's Armour Boutique.
 14305 | D:9      | Bought the +3 warlock's mirror {reflect} for 480 gold
                  | pieces
 14305 | D:9      | Found the +3 warlock's mirror {reflect}
 14463 | D:9      | Found a staircase to the Lair.
 14588 | D:9      | Killed a kobold demonologist
 14589 | D:9      | Reached skill level 1 in Shields
 14653 | D:9      | Noticed Joseph
 14670 | D:9      | Killed Joseph
 15069 | D:9      | Splashed by an acid dragon's acid

Illustrated notes

Levels and vault maps discovered:
D:1:      mushboom_english_gardens, layout_loops_corners
D:2:      layout_loops_ring
D:3:      layout_basic, vehumet_altar_wand_db, lemuel_doored_altar,
          mainiacjoe_overflow_large_starburst, serial_forest,
          infiniplex_forest_clump_large, infiniplex_forest_straight_2,
          infiniplex_forest_lined_corner, infiniplex_forest_clump_tiny,
          biasface_ghost_orc_armoury, basic_ecumenical_altar
D:4:      minmay_clustersquares, layout_basic, mainiacjoe_overflow_alcove_1,
          chequers_serial_rivers_small_b, uniq_ijyb
D:5:      layout_layer_cave, elyvilon_altar_3, old_standard_altar,
          mainiacjoe_overflow_divided_tiny, temple_doors_e
D:6:      layout_basic
D:7:      layout_loops_corners, nzn_wu_jian_council_hall,
          general_overflow_altar, nicolae_elemental_shop
D:8:      layout_layer_cave, lemuel_blue_sif_altar, serial_shops,
          nicolae_stop_n_shop_1
D:9:      layout_roguey, lair_entry_dummy, erik_orc_2, serial_shops, shop,
          chequers_avenue, uniq_joseph

Skill      XL: |  1  2  3  4  5  6  7  8  9 10 |
---------------+-------------------------------+-----
Axes           | 3 4 |  4.2
Spellcasting   | 1 2 3 4 6 8 |  8.8
Fighting       | 4 6 7 |  7.2
Dodging        | 3 4 6 |  6.5
Shields        | 1 |  1.9
Armour         | |  1.8

Action                   |  1- 3 |  4- 6 |  7- 9 | 10-12 || total
-------------------------+-------+-------+-------+-------++-------
Melee: Hand axe          |    79 |    23 |       |       ||   102
       War axe           |       |       |    10 |       ||    10
       Morningstar       |       |       |     9 |       ||     9
 Cast: Shock             |    36 |    92 |   314 |   157 ||   599
       Mephitic Cloud    |       |       |    16 |    13 ||    29
Invok: Curse Item        |       |       |     3 |     2 ||     5
  Use: Scroll            |       |       |     1 |       ||     1
 Stab: Sleeping          |     1 |       |       |       ||     1
       Confused          |       |       |     1 |       ||     1
Armor: Leather armour    |    46 |     8 |       |       ||    54
       Robe              |       |       |    29 |     1 ||    30
Dodge: Dodged            |    52 |    47 |   151 |    17 ||   267
Block: Buckler           |       |       |       |     1 ||     1
